 Dungeon Crawl Stone Soup version 0.27.1 (webtiles) character file.

Game seed: 18256469795066521387

15 Thatpatchoflichen the Chopper (level 2, 0/27 HPs)
             Began as a Hill Orc Monk on Sept 2, 2021.
             Succumbed to a gnoll's poison
             ... on level 1 of the Dungeon.
             The game lasted 00:02:57 (858 turns).

Thatpatchoflichen the Chopper (Hill Orc Monk)        Turns: 858, Time: 00:02:57

Health: 0/27       AC:  3    Str: 13    XL:     2   Next: 50%
Magic:  2/2        EV: 12    Int: 10    God:
Gold:   40         SH:  0    Dex: 13    Spells: 1/1 levels left

rFire    . . .     SeeInvis .   a - +0 hand axe
rCold    . . .     Faith    .   (no shield)
rNeg     . . .     Spirit   .   b - +0 robe
rPois    .         Reflect  .   (no helmet)
rElec    .         Harm     .   (no cloak)
rCorr    .         Rampage  .   f - +0 pair of gloves
Will     .....                  (no boots)
Stlth    ++........             g - amulet of the acrobat
HPRegen  0.09/turn              (no ring)
MPRegen  0.08/turn              (no ring)

@: lethally poisoned (0 -> -12)
A: no striking features
a: no special abilities


You were on level 1 of the Dungeon.
You visited 1 branch of the dungeon, and saw 1 of its levels.

You collected 40 gold pieces.

Inventory:

Hand Weapons
 a - a +0 hand axe (weapon)
Missiles
 c - 15 poisoned darts (quivered)
 d - 47 stones
 j - 18 bolts
Armour
 b - a +0 robe (worn)
 f - a +0 pair of gloves (worn)
Jewellery
 g - an amulet of the acrobat (around neck)
Scrolls
 e - a scroll of teleportation {unknown}
Potions
 h - a potion of magic {unknown}
 i - a potion of lignification {unknown}


   Skills:
 + Level 4.0 Fighting
 - Level 4.0 Axes
 * Level 1.8 Armour
 - Level 2.4 Dodging
 - Level 1.5 Stealth


You had one spell level left.
You didn't know any spells.
Your spell library was empty.

Dungeon Overview and Level Annotations

Branches:
Dungeon (1/15)

Altars:


Message History

An endoplasm is nearby!
A gnoll comes into view. It is wielding a +0 whip of venom.
The gnoll shouts!
The endoplasm freezes you.
You are frozen.
You completely miss the endoplasm. The endoplasm closely misses you.
You hit the endoplasm but do no damage. You hit the gnoll but do no damage.
The endoplasm hits you. The gnoll misses you.
You barely miss the endoplasm. You closely miss the gnoll.
The endoplasm hits you but does no damage.
The gnoll barely misses you.
You hit the endoplasm.
You kill the endoplasm!
You closely miss the gnoll. The gnoll closely misses you.
Your Fighting skill increases to level 4!
The gnoll misses you.
You hit the gnoll but do no damage. The gnoll closely misses you.
You hit the gnoll.
The gnoll is lightly wounded.
The gnoll hits you with a +0 whip of venom.
You are poisoned.
You hit the gnoll.
The gnoll is moderately wounded.
You feel sick.
The gnoll hits you with a +0 whip of venom.
You are lethally poisoned!
The gnoll barely misses you.
You hit the gnoll.
The gnoll is almost dead.
You feel very sick. The gnoll misses you.
You hit the gnoll but do no damage.
The gnoll is almost dead.
* * * LOW HITPOINT WARNING * * *
You feel very sick.
The gnoll hits you with a +0 whip of venom.
* * * LOW HITPOINT WARNING * * *
You hit the gnoll.
You kill the gnoll!
You die...

#.####...### ##†##
#'##.......###. #.# #.#.........#
.#### #.# '.'.........# ....#
##'## #.#.........# ...# ##...##
#'##.......## ...# ##.....##
...###...### #..## #.......##
....############...####.........#
.<..# .......@.....+.........'
...## #####..).....#.........#
#### #.#..###.##.......## #.#.##
##.....## # #.## ##...## # #..#
.# ##+# #.##.# .# #.# #.##.###.#
#.# #........# ##.##


There were no monsters in sight!

Vanquished Creatures
  A gnoll (D:1)
  2 bats (D:1)
  3 endoplasms (D:1)
  A giant cockroach (D:1)
  2 hobgoblins (D:1)
  2 ball pythons (D:1)
  2 kobolds (D:1)
  3 rats (D:1)
16 creatures vanquished.

Notes
Turn   | Place    | Note
-------+----------+-------------------------------------------
     0 | D:1      | Thatpatchoflichen the Hill Orc Monk began the quest for the
                  | Orb.
     0 | D:1      | Reached XP level 1. HP: 19/19 MP: 1/1
   169 | D:1      | Reached skill level 1 in Armour
   519 | D:1      | Reached XP level 2. HP: 27/27 MP: 2/2
   858 | D:1      | Succumbed to a gnoll's poison

Illustrated notes

Levels and vault maps discovered:
D:1:      dpeg_arrival_three_bigger_balls, layout_loops_corners,
          amethyst_killhole

Skill      XL: |  1  2 |
---------------+-------+-----
Armour         | 1 |  1.8
Fighting       | 4 |  4.0
Axes           | |  4.0
Dodging        | |  2.4
Stealth        | |  1.5

Action                   || total
-------------------------++-------
Melee: Hand axe          ||    54
 Stab: Sleeping          ||     3
Armor: Robe              ||    15
Dodge: Dodged            ||    46
